 Dungeon Crawl Stone Soup version 0.30-a0-728-gc68057be0a (webtiles) character file.

Game seed: 1182231186684372599

18545 hikkokomori the Fighter (level 12, -9/113 HPs)
             Began as an Armataur Fighter on Jan 30, 2023.
             Was a High Priest of Okawaru.
             Mangled by a death yak (19 damage)
             ... on level 2 of the Lair of Beasts on Jan 31, 2023.
             The game lasted 00:23:16 (12373 turns).

hikkokomori the Fighter (Armataur Fighter)         Turns: 12373, Time: 00:23:17

Health: -9/113     AC: 29    Str: 28    XL:     12   Next: 28%
Magic:  13/17      EV:  6    Int:  5    God:    Okawaru [*****.]
Gold:   809        SH:  8    Dex: 10    Spells: 11/11 levels left

rFire   . . .      SeeInvis .    a - +1 long sword (venom)
rCold   + + .      Faith    .    v - +2 buckler
rNeg    + + +      Spirit   .    B - +7 chain mail of the Depths {Rampage rF- rN+++ Int-3}
rPois   .          Reflect  .    (no helmet)
rElec   .          Harm     .    (no cloak)
rCorr   .          Roll     +    d - +2 pair of gloves of a sewer {Fly rF+ Str+5 Dex-4}
Will    +....                    h - +0 barding {rC+}
Stlth   ++                       K - amulet of the acrobat
HPRegen 0.38/turn                A - ring of protection from cold
MPRegen 0.15/turn                t - ring of willpower

@: heroic, flying
A: large, rugged brown scales 3, deformed body, armoured tail, roll, long
tongue, awkward tongue
a: Renounce Religion, Heroism, Finesse, Duel


You were on level 2 of the Lair of Beasts.
You worshipped Okawaru.
Okawaru was extremely pleased with you.
You visited 3 branches of the dungeon, and saw 12 of its levels.
You also visited: Ossuary.

You collected 809 gold pieces.

Inventory:

Hand Weapons
 a - a +1 long sword of venom (weapon)
 M - the +0 glaive of the Tundras {drain, rF+ rC+ rN+ Int-2}
   (Okawaru gifted it to you on level 9 of the Dungeon)

   Int:       It affects your intelligence (-2).
   rF:        It protects you from fire.
   rC:        It protects you from cold.
   rN:        It protects you from negative energy.
Missiles
 D - 8 throwing nets (quivered)
 J - 2 atropa-tipped darts
Armour
 d - the +2 pair of gloves of a sewer (worn) {Fly rF+ Str+5 Dex-4}
   (Okawaru gifted it to you on level 2 of the Lair of Beasts)

   Str:       It affects your strength (+5).
   Dex:       It affects your dexterity (-4).
   rF:        It protects you from fire.
   Fly:       It grants you flight.
 h - a +0 barding of cold resistance (worn)
 v - a +2 buckler (worn)
 w - a +2 pair of gloves of dexterity
 B - the +7 chain mail of the Depths (worn) {Rampage rF- rN+++ Int-3}
   (You found it on level 5 of the Dungeon)

   Int:       It affects your intelligence (-3).
   rF:        It makes you vulnerable to fire.
   rN:        It renders you almost immune to negative energy.
   Rampage:   It bestows one free step when moving towards enemies.
Jewellery
 e - a ring of positive energy
 t - a ring of willpower (right hand)
 A - a ring of protection from cold (left hand)
 C - a ring of protection from cold
 K - an amulet of the acrobat (around neck)
Wands
 b - a wand of iceblast (20)
 c - a wand of digging (4)
 G - a wand of paralysis (24)
 H - a wand of polymorph (21)
Scrolls
 j - 3 scrolls of fog
 k - a scroll of teleportation
 n - a scroll of poison
 p - a scroll of fear
 r - a scroll of blinking
 y - 2 scrolls of magic mapping
 z - a scroll of enchant weapon
 E - 2 scrolls of amnesia
 L - a scroll of torment {unknown}
Potions
 g - a potion of heal wounds
 i - 3 potions of haste
 l - 3 potions of brilliance
 m - 2 potions of resistance
 o - 3 potions of cancellation
 q - a potion of berserk rage {unknown}
 s - 3 potions of ambrosia
 u - 3 potions of flight
 x - 2 potions of attraction
 F - a potion of invisibility
 N - a potion of mutation {unknown}


   Skills:
 + Level 9.9(14.9) Fighting
 + Level 9.8(14.8) Long Blades
 - Level 8.6(13.6) Armour
 - Level 9.3(14.3) Stealth
 - Level 5.7(10.7) Shields
 + Level 6.7 Invocations
 + Level 6.3 Evocations


You had 11 spell levels left.
You didn't know any spells.
Your spell library contained the following spells:

 Spells                   Type           Power      Damage    Failure   Level
 Sublimation of Blood     Necr           0%         N/A       98%         2
 Petrify                  Tmut/Erth      0%         N/A       100%        4
 Irradiate                Conj/Tmut      0%         3d11      100%        5


Dungeon Overview and Level Annotations

Branches:
Dungeon (9/15)             Temple (1/1) D:4            Lair (2/5) D:9
 Shoals (0/4) Lair:2        Snake (0/4) Lair:2      Ossuary (visited)
    Orc: D:9-12

Altars:
Dithmenos
Gozag
Hepliaklqana
Nemelex Xobeh
Okawaru
Ru
Sif Muna
Trog
Zin
The Shining One

Portals:
Abyss: D:4

Annotations:
D:4 2 transporters, sokol815's ghost, amateur DgFi
D:5 3 runed translucent doors, Unforgiven's ghost, novice GnNe


Innate Abilities, Weirdness & Mutations

You are completely covered in rugged brown scales. (AC +3, +7% HP)
Armour fits poorly on your strangely shaped body.
You have a long armoured tail.
You roll when moving toward enemies. (Rampage)
Your long tongue fully drains potion bottles. (2x potion effects)
Your tongue gives you trouble enunciating. (1.5x scroll delay)


Message History

Your tail-slap misses the death yak.
The death yak is severely wounded.
The death yak gores you but does no damage.
You slash the death yak!
The death yak is severely wounded.
You block the death yak's attack.
You hit the death yak.
The death yak looks as sick as possible!
The death yak is severely wounded.
The death yak gores you but does no damage.
You slash the death yak!
The death yak looks as sick as possible!
The death yak is almost dead.
You hit the death yak but do no damage.
The death yak is almost dead.
You hear a bellow!
The death yak gores you!
* * * LOW HITPOINT WARNING * * *
You slash the death yak!
You kill the death yak!
Okawaru accepts your kill.
Aiming: Paralyse
Press: ? - help, Shift-Dir - straight line, f - death yak
Aim: a death yak (chance to affect: 6%)
Okay, then.
The death yak attacks as you move away! You block the death yak's attack.
As you slowly read the scroll labelled DYSHUDGH WU KAS, it crumbles to dust.
It is a scroll of amnesia.
You feel forgetful for a moment. The death yak gores you!
* * * LOW HITPOINT WARNING * * *
You block the death yak's attack.
As you slowly read the scroll labelled NYUMESIRIQED, it crumbles to dust.
It is a scroll of enchant weapon.
Your +0 long sword of venom glows red for a moment.
The death yak gores you but does no damage.
As you slowly read the scroll of fear, it crumbles to dust.
You assume a fearsome visage.
The death yak resists with almost no effort. x2
The death yak gores you!!
You die...

#. ### ### ##
##.###.######.#
#.###..............
##.......YYY........
##
#......?..Y.....§...
#.#
#..!...####Y...####.
#.##.[.# ##...# #.
#.....# ####?#### ##
###....@# #
~.~...P## #.....#Y#
#P..~).~~P###
#...Y#†##
#..♣♣.♣♣.P#P. ....
##.####~.♣...♣.♣#..
...
##H#......>.))....
.. ##Y.#~~♣...♣)~#..
. #..#~~♣♣.♣♣P~#..
#.....
#..#♣PP~.~.~~##.
....##
##.##~~~S~~~####


You could see 2 death yaks.

Vanquished Creatures
  A catoblepas (Lair:2)
  5 death yaks
  A two-headed ogre (D:9)
  Amaemon (D:8)
  A manticore (Lair:2)
  A black mamba (Lair:1)
  Joseph (D:8)
  2 cane toads (Lair:2)
  An orange demon (D:8)
  A gargoyle (D:8)
  Maggie (D:8)
  3 komodo dragons (Lair:1)
  A polar bear (Lair:1)
  2 hornets (D:8)
  5 blink frogs (Lair:2)
  20 yaks
  3 steam dragons
  Grum (D:9)
  A basilisk (Lair:1)
  4 nagas (Lair:2)
  9 water moccasins
  2 ice beasts
  3 black bears
  An ogre (D:2)
  2 orc warriors
  3 centaurs
  6 wolves
  2 kobold brigands
  An elf zombie (Ossuary)
  4 bullfrogs
  5 gnoll sergeants
  3 scorpions
  A necrophage (D:3)
  3 wights (D:8)
  6 killer bees
  A human zombie (Ossuary)
  A jelly (D:7)
  3 orc priests
  14 hounds
  A centaur zombie (Ossuary)
  3 gnoll boudas
  8 iguanas
  Terence (D:2)
  Natasha (thrice) (D:2)
  4 orc wizards
  2 mummies (Ossuary)
  30 gnolls
  9 adders
  4 shadow imps
  4 white imps
  An ufetubus (D:4)
  3 adder zombies (Ossuary)
  A worm (D:2)
  2 dart slugs
  28 orcs
  3 endoplasms
  A giant cockroach (D:4)
  5 goblins
  7 hobgoblins
  6 jackals
  3 quokkas (D:2)
  2 ball pythons (D:2)
  5 bats
  A frilled lizard (D:2)
  2 goblin zombies (Ossuary)
  8 hobgoblin zombies (Ossuary)
  A jackal zombie (Ossuary)
  11 kobolds
  11 kobold zombies (Ossuary)
  7 orc zombies (Ossuary)
  11 rats
  2 rat zombies (Ossuary)
316 creatures vanquished.

Vanquished Creatures (others)
  8 fungi (Lair:2)
  25 plants
33 creatures vanquished.

Grand Total: 349 creatures vanquished

Notes
Turn   | Place    | Note
-------+----------+-------------------------------------------
     0 | D:1      | hikkokomori the Armataur Fighter began the quest for the
                  | Orb.
     0 | D:1      | Reached XP level 1. HP: 19/19 MP: 1/1
   239 | D:1      | Reached XP level 2. HP: 7/26 MP: 2/2
   243 | D:1      | HP: 1/26 [hobgoblin (4)]
   257 | D:1      | Reached skill level 1 in Stealth
   768 | D:2      | Reached XP level 3. HP: 23/33 MP: 3/3
   808 | D:2      | Noticed an ogre
   819 | D:2      | Killed an ogre
   820 | D:2      | Reached XP level 4. HP: 16/40 MP: 4/4
  1091 | D:2      | Noticed Terence
  1100 | D:2      | Killed Terence
  1101 | D:2      | Reached XP level 5. HP: 41/48 MP: 5/5
  1101 | D:2      | Noticed Natasha
  1108 | D:2      | Killed Natasha
  1431 | D:2      | Noticed Natasha
  1436 | D:2      | Killed Natasha
  1545 | D:2      | Noticed Natasha
  1551 | D:2      | Killed Natasha
  1686 | D:3      | Reached XP level 6. HP: 47/55 MP: 6/6
  2345 | D:3      | Found an opulent altar of Gozag.
  2387 | D:4      | Identified a scroll of acquirement
  2387 | D:4      | Acquired a +0 barding of cold resistance
  2403 | D:4      | Found a staircase to the Ecumenical Temple.
  2432 | Temple   | Entered the Ecumenical Temple
  2670 | Temple   | Became a worshipper of Warmaster Okawaru
  2703 | D:4      | Reached skill level 5 in Shields
  2741 | D:4      | Found a transporter.
  2753 | D:4      | Noticed a small abomination
  2763 | D:4      | Found a transporter.
  2844 | D:4      | Reached XP level 7. HP: 9/63 MP: 7/7
  2970 | D:4      | Found a sand-covered staircase.
  2978 | Ossuary  | Entered an ossuary
  3109 | Ossuary  | Reached * piety under Okawaru
  3293 | D:4      | Found a one-way gate to the infinite horrors of the Abyss.
  3293 | D:4      | Noticed sokol815's ghost (amateur DgFi)
  3714 | D:5      | Entered Level 5 of the Dungeon
  3715 | D:5      | Found a runed translucent gate.
  3715 | D:5      | Found a runed translucent gate.
  3792 | D:5      | Acquired a +2 pair of gloves of dexterity
  3879 | D:5      | Reached skill level 5 in Stealth
  3927 | D:5      | Identified the +7 chain mail of the Depths {Rampage rF-
                  | rN+++ Int-3}
  4131 | D:5      | Identified the +2 robe "Coipur" {rPois MP-9 Int+3}
  4143 | D:5      | Reached skill level 5 in Fighting
  4143 | D:5      | Reached XP level 8. HP: 56/72 MP: 8/8
  4317 | D:5      | Found a runed translucent gate.
  4318 | D:5      | Noticed Unforgiven's ghost (novice GnNe)
  4507 | D:6      | Reached skill level 5 in Long Blades
  4511 | D:6      | Reached skill level 5 in Armour
  4536 | D:5      | Reached ** piety under Okawaru
  5540 | D:7      | Reached XP level 9. HP: 49/80 MP: 9/9
  6275 | D:8      | Identified the +0 shortbow of the Five Villages {drain,
                  | Drain Str-4 Dex+5 SInv}
  6320 | D:8      | Noticed Maggie
  6336 | D:8      | Killed Maggie
  6336 | D:8      | Reached *** piety under Okawaru
  6616 | D:8      | Noticed Amaemon
  6616 | D:8      | Noticed an orange demon
  6641 | D:8      | Killed Amaemon
  6651 | D:8      | Killed an orange demon
  6651 | D:8      | Reached **** piety under Okawaru
  6697 | D:8      | Reached XP level 10. HP: 73/92 MP: 10/10
  6860 | D:8      | Noticed a gargoyle
  6877 | D:8      | Killed a gargoyle
  6975 | D:8      | Noticed Joseph
  6990 | D:8      | Killed Joseph
  7529 | D:9      | Noticed a death yak
  7529 | D:9      | Noticed a death yak
  7556 | D:8      | Killed a death yak
  7854 | D:9      | Reached skill level 1 in Invocations
  8115 | D:9      | Reached skill level 1 in Evocations
  8181 | D:9      | Reached ***** piety under Okawaru
  8263 | D:9      | Noticed a two-headed ogre
  8508 | D:9      | Noticed a death yak
  8735 | D:8      | Paralysed by a hornet for 1 turns
  8742 | D:8      | Reached XP level 11. HP: 46/101 MP: 13/13
  9099 | D:8      | Killed a death yak
  9126 | D:9      | Killed a death yak
  9126 | D:9      | Identified the +0 glaive of the Tundras {drain, rF+ rC+ rN+
                  | Int-2} (Okawaru gifted it to you on level 9 of the Dungeon)
  9126 | D:9      | Received a gift from Okawaru
  9650 | D:9      | Found a staircase to the Lair.
  9672 | D:9      | Killed a two-headed ogre
  9884 | D:9      | Noticed Grum
  9893 | D:9      | Killed Grum
 10055 | D:9      | Identified the +2 robe of Minor Irritation {Int+2 Stlth+}
 10108 | Lair:1   | Entered Level 1 of the Lair of Beasts
 10437 | Lair:1   | Reached skill level 5 in Invocations
 11139 | Lair:1   | Reached skill level 5 in Evocations
 11694 | Lair:2   | Found a staircase to the Snake Pit.
 11704 | Lair:2   | Noticed a catoblepas
 11713 | Lair:2   | Noticed a death yak
 11876 | Lair:2   | Identified the +2 pair of gloves of a sewer {Fly rF+ Str+5
                  | Dex-4} (Okawaru gifted it to you on level 2 of the Lair of
                  | Beasts)
 11876 | Lair:2   | Received a gift from Okawaru
 11889 | Lair:2   | Reached XP level 12. HP: 92/112 MP: 16/16
 11926 | Lair:2   | Noticed a death yak
 11928 | Lair:2   | Noticed a death yak
 11928 | Lair:2   | Noticed a death yak
 12253 | Lair:2   | Found a staircase to the Shoals.
 12335 | Lair:2   | Killed a catoblepas
 12348 | Lair:2   | Killed a death yak
 12369 | Lair:2   | Killed a death yak
 12373 | Lair:2   | Mangled by a death yak

Illustrated notes

Levels and vault maps discovered:
D:1:      wander_arrival_desolate, layout_loops_ring, feat_on_display
D:2:      layout_rooms, uniq_terence, uniq_natasha
D:3:      layout_loops_ring, mainiacjoe_overflow_six_doors_small
D:4:      layout_basic, minmay_temple_entry_sparse_star,
          gammafunk_ghost_abyssal_escape, serial_demonic, serial_demonic_d,
          serial_demonic_d, serial_demonic_e, serial_demonic_e,
          chequers_ossuary_entry_cave
D:5:      layout_cave_pools, ebering_ghost_rock_garden
D:6:      layout_cave_pools
D:7:      layout_cave_pools
D:8:      minmay_inner_zag, layout_loops_ring, supply_closet_lemuel,
          uniq_joseph, uniq_maggie, uniq_amaemon
D:9:      layout_big_octagon, dpeg_lair_monsters, serial_gnoll_camp,
          gnoll_camp_mini_loothouse, grums_kennel, gnoll_camp_mini_basic,
          gnoll_camp_medium_02, gnoll_camp_mini_hut
Temple:   nicolae_temple_slightly_damp_pantheon
Lair:1:   layout_big_grid, grunt_forest_small_clearing_treed
Lair:2:   dreamdust_cave_troll, layout_concentric_octagons,
          minmay_shoals_entry_beasts, guppyfry_snake_entry_garden

Skill      XL: |  1  2  3  4  5  6  7  8  9 10 11 12 |
---------------+-------------------------------------+-----
Long Blades    | 2 3 4 5 6 8 9 |  9.8
Stealth        | 1 2 3 4 5 6 8 9 |  9.3
Fighting       | 3 4 5 6 7 8 9 |  9.9
Shields        | 4 5 |  5.7
Armour         | 4 6 7 8 |  8.6
Invocations    | 3 6 |  6.7
Evocations     | 2 5 6 |  6.3

Action                     |  1- 3 |  4- 6 |  7- 9 | 10-12 || total
---------------------------+-------+-------+-------+-------++-------
  Melee: Long sword        |    89 |   204 |   491 |   705 ||  1489
         Tailslap          |     7 |    25 |    81 |   134 ||   247
         Unarmed           |       |       |       |     5 ||     5
  Throw: Dart              |       |       |       |     1 ||     1
 Invoke: Heroism           |       |       |     2 |     6 ||     8
         Finesse           |       |       |       |     1 ||     1
  Evoke: Wand              |       |       |       |     7 ||     7
    Use: Potion            |     3 |     2 |     6 |     4 ||    15
         Scroll            |       |     7 |     9 |    11 ||    27
   Stab: Invisible         |       |     1 |       |       ||     1
         Petrifying        |       |       |       |     1 ||     1
 Armour: Scale mail        |    64 |   139 |   107 |       ||   310
         Chain mail        |       |       |   406 |   665 ||  1071
  Dodge: Dodged            |    34 |    77 |   122 |   181 ||   414
  Block: Buckler           |    20 |    44 |   208 |   340 ||   612

Table legend: (Time is in decaauts)
 A = Elapsed time spent in this place.
 B = Non-inter-level travel time spent in this place.
 C = Inter-level travel time spent in this place.
 D = Time resting spent in this place.
 E = Time spent auto-exploring this place.
 F = Levels seen in this place.
 G = Mean time per level.
                   A        B        C        D        E       F      G
               +--------+--------+--------+--------+--------+-----+--------+
         Total |  12540 |  12086 |    454 |   1400 |   7882 |  13 |  964.6 |
       Dungeon |   9753 |   9334 |    419 |   1292 |   5971 |   9 | 1083.7 |
        Temple |    254 |    240 |     14 |      0 |    218 |   1 |  254.0 |
          Lair |   2240 |   2220 |     20 |    108 |   1608 |   2 | 1120.0 |
       Ossuary |    292 |    292 |      0 |      0 |     85 |   1 |  292.0 |
               +--------+--------+--------+--------+--------+-----+--------+

Top non-repeatable levels by time:
     D:8: 2473 daAuts
     D:9: 1606 daAuts
  Lair:1: 1516 daAuts
     D:5: 993 daAuts
     D:2: 871 daAuts
     D:4: 849 daAuts
     D:3: 829 daAuts
     D:7: 813 daAuts
     D:1: 746 daAuts
  Lair:2: 723 daAuts
     D:6: 570 daAuts
 Ossuary: 292 daAuts
  Temple: 254 daAuts
